details: 'legit retard allies'

« prev index next »

General information

Mini Map

Players

team 1
UndeadMatices (teal | 71 APM | 2614 actions | 36:42)
Hero icon 8 Lich
Ability icon 3 Frost Nova
Ability icon 3 Frost Armor
Ability icon 1 Death and Decay
Ability icon 1 Dark Ritual

» actions
Assign group hotkey30
Basic commands60
Build / train92
ESC pressed2
Enter build submenu22
Enter hero's abilities submenu8
Remove unit from queue1
Right click1249
Select / deselect535
Select group hotkey538
Use ability77
2614 total
» units
Acolyte20
Ghoul11
Crypt Fiend11
Necromancer10
Meatwagon7
Frost Wyrm2
Abomination2
63 total
» upgrades
Creature Attack1
Burrow1
Skeletal Longevity1
Skeletal Mastery1
Necromancer Training2
Exhume Corpses1
Unholy Strength1
Disease Cloud1
Web1
Unholy Armor1
11 total
» buildings
Crypt2
Altar of Darkness1
Ziggurat8
Graveyard1
Halls of the Dead1
Nerubian Tower5
Black Citadel1
Temple of the Damned2
Slaughterhouse1
Sacrificial Pit1
Tomb of Relics1
Boneyard1
25 total
» build order
00:18 Crypt
00:28 Altar of Darkness
00:51 Ziggurat
01:24 Graveyard
03:03 Ziggurat
03:08 Ziggurat
04:02 Crypt
04:16 Halls of the Dead
05:17 Nerubian Tower
07:10 Black Citadel
07:29 Temple of the Damned
07:33 Temple of the Damned
07:45 Slaughterhouse
07:55 Ziggurat
07:56 Ziggurat
08:51 Nerubian Tower
08:52 Nerubian Tower
16:49 Sacrificial Pit
16:51 Tomb of Relics
20:13 Boneyard
20:19 Ziggurat
20:36 Ziggurat
20:37 Ziggurat
24:31 Nerubian Tower
» items
Scroll of Town Portal1
1 total
NightElfFatManInLilCoat (pink | 65 APM | 2383 actions | 36:42)
Hero icon 9 Pandaren Brewmaster
Ability icon 3 Breath of Fire
Ability icon 3 Drunken Brawler
Ability icon 1 Storm Earth and Fire
Ability icon 2 Drunken Haze

» actions
Assign group hotkey86
Basic commands21
Build / train115
Enter build submenu44
Enter hero's abilities submenu9
Give item / drop item3
Remove unit from queue3
Right click1234
Select / deselect459
Select group hotkey289
Use ability120
2383 total
» units
Wisp37
Archer18
Hippogryph13
68 total
» upgrades
Improved Bows1
Hippogryph Taming1
Strength of the Moon3
Moon Armor3
Strength of the Wild2
Reinforced Hides1
Ultravision0
Marksmanship1
Well Spring1
Masonry1
Nature's Blessing1
15 total
» buildings
Altar of Elders1
Moon Well8
Ancient of War2
Tree of Life5
Tree of Ages1
Hunter's Hall1
Ancient of Wonders1
Ancient of Wind2
Ancient Protector15
Tree of Eternity1
Scout Tower6
Guard Tower2
Town Hall1
46 total
» build order
00:12 Altar of Elders
00:23 Moon Well
00:51 Ancient of War
01:34 Moon Well
02:35 Ancient of War
03:06 Moon Well
03:44 Tree of Life
06:19 Tree of Ages
08:53 Tree of Life
10:10 Hunter's Hall
10:13 Moon Well
10:16 Ancient of Wonders
12:15 Moon Well
12:24 Ancient of Wind
13:30 Ancient of Wind
14:25 Ancient Protector
14:26 Ancient Protector
14:26 Ancient Protector
14:27 Ancient Protector
15:42 Moon Well
15:43 Moon Well
15:44 Moon Well
17:37 Tree of Eternity
20:55 Ancient Protector
21:00 Ancient Protector
22:46 Scout Tower
22:46 Scout Tower
22:47 Scout Tower
22:48 Scout Tower
22:48 Scout Tower
22:49 Scout Tower
23:31 Guard Tower
24:08 Guard Tower
24:21 Ancient Protector
24:22 Ancient Protector
24:23 Ancient Protector
24:23 Ancient Protector
24:24 Ancient Protector
24:54 Ancient Protector
28:45 Ancient Protector
28:46 Ancient Protector
28:48 Ancient Protector
29:15 Town Hall
31:02 Tree of Life
31:05 Tree of Life
33:20 Tree of Life
» items
Potion of Healing2
Potion of Mana1
Scroll of Town Portal6
Boots of Speed1
Scroll of Regeneration1
Orb of Venom1
Potion of Invisibility1
Periapt of Vitality1
14 total
Random» HumanTheMonkWithFunk (blue | 64 APM | 1442 actions | 22:34)
Hero icon 5 Archmage
Ability icon 3 Summon Water Elemental
Ability icon 2 Brilliance Aura
Hero icon 4 Paladin
Ability icon 2 Holy Light
Ability icon 2 Divine Shield
Hero icon 2 Beastmaster
Ability icon 1 Summon Quilbeast
Ability icon 1 Summon Hawk

» actions
Assign group hotkey11
Basic commands1
Build / train88
Enter build submenu26
Enter hero's abilities submenu11
Give item / drop item1
Remove unit from queue6
Right click695
Select / deselect489
Select group hotkey19
Use ability94
1442 total
» units
Peasant24
Footman8
Priest3
Spell Breaker5
Knight2
42 total
» upgrades
Lumber Harvesting2
Priest Training2
Control Magic1
5 total
» buildings
Barracks1
Farm12
Altar of Kings1
Arcane Vault2
Scout Tower4
Keep1
Lumber Mill1
Arcane Sanctum2
Guard Tower5
Castle1
Blacksmith1
31 total
» build order
00:09 Barracks
00:17 Farm
00:21 Altar of Kings
00:56 Farm
01:45 Arcane Vault
02:15 Farm
03:38 Scout Tower
03:45 Farm
03:46 Keep
04:12 Scout Tower
04:17 Lumber Mill
07:35 Arcane Sanctum
08:18 Arcane Sanctum
09:42 Farm
10:18 Guard Tower
10:23 Guard Tower
12:13 Arcane Vault
12:16 Scout Tower
12:20 Scout Tower
12:48 Guard Tower
12:50 Guard Tower
13:24 Guard Tower
13:25 Guard Tower
13:55 Castle
14:05 Farm
14:09 Farm
15:10 Blacksmith
15:43 Farm
16:26 Farm
16:27 Farm
19:35 Farm
19:35 Farm
» items
Lesser Clarity Potion2
Scroll of Regeneration1
Ivory Tower7
Staff of Teleportation1
Staff of Sanctuary1
12 total
Humanseerseer69 (green | 35 APM | 780 actions | 22:32)
Hero icon 5 Paladin
Ability icon 3 Holy Light
Ability icon 2 Devotion Aura

» actions
Assign group hotkey6
Basic commands13
Build / train47
Enter build submenu19
Enter hero's abilities submenu5
Give item / drop item2
Remove unit from queue1
Right click417
Select / deselect229
Select group hotkey3
Use ability38
780 total
» units
Peasant10
Footman12
Knight7
29 total
» upgrades
Lumber Harvesting2
Animal War Training1
Swords2
Plating1
Masonry1
7 total
» buildings
Altar of Kings1
Barracks2
Farm11
Keep1
Arcane Vault1
Lumber Mill1
Scout Tower3
Guard Tower1
Castle1
Blacksmith1
Town Hall1
24 total
» build order
04:38 Altar of Kings
04:44 Barracks
04:46 Farm
05:17 Farm
07:29 Farm
07:50 Keep
08:41 Farm
08:44 Arcane Vault
08:50 Lumber Mill
09:42 Scout Tower
09:44 Scout Tower
09:46 Scout Tower
11:09 Guard Tower
11:10 Castle
12:10 Barracks
12:21 Blacksmith
12:37 Farm
12:38 Farm
12:43 Farm
15:33 Town Hall
18:12 Farm
18:12 Farm
18:13 Farm
18:13 Farm
» items
Scroll of Town Portal1
1 total
team 2
NightElfChimpans (yellow | 35 APM | 24 actions | 00:41)

» actions
Build / train10
Enter build submenu1
Right click6
Select / deselect6
Use ability1
24 total
» units
Wisp10
10 total
» buildings
Altar of Elders1
1 total
» build order
00:34 Altar of Elders
Random» NightElfTwoRollies1Misn (orange | 80 APM | 2930 actions | 36:42)
Hero icon 10 Priestess of the Moon
Ability icon 3 Searing Arrows
Ability icon 3 Trueshot Aura
Ability icon 1 Starfall
Ability icon 3 Scout
Hero icon 5 Keeper of the Grove
Ability icon 3 Thorns Aura
Ability icon 1 Entangling Roots
Ability icon 1 Force of Nature

» actions
Basic commands142
Build / train150
Enter build submenu35
Enter hero's abilities submenu15
Remove unit from queue7
Right click1374
Select / deselect1141
Use ability66
2930 total
» units
Wisp18
Archer45
Huntress4
Hippogryph23
Chimaera16
106 total
» upgrades
Improved Bows2
Strength of the Moon5
Marksmanship2
Hippogryph Taming1
Strength of the Wild3
Corrosive Breath1
Moon Armor1
15 total
» buildings
Altar of Elders1
Ancient of War6
Moon Well16
Hunter's Hall2
Tree of Ages2
Ancient of Wind3
Tree of Eternity2
Chimaera Roost2
Ancient of Wonders1
Tree of Life1
36 total
» build order
00:06 Altar of Elders
00:13 Ancient of War
00:19 Moon Well
00:55 Moon Well
00:59 Ancient of War
01:48 Moon Well
01:54 Moon Well
02:13 Ancient of War
02:21 Ancient of War
02:28 Ancient of War
02:40 Moon Well
03:54 Hunter's Hall
03:59 Tree of Ages
04:42 Moon Well
05:06 Tree of Ages
06:13 Moon Well
06:56 Hunter's Hall
07:18 Tree of Ages
07:28 Moon Well
07:29 Moon Well
08:05 Ancient of Wind
09:21 Tree of Eternity
09:27 Moon Well
09:42 Tree of Eternity
09:49 Moon Well
12:04 Chimaera Roost
12:19 Ancient of Wind
12:42 Ancient of Wind
12:47 Ancient of War
14:19 Chimaera Roost
15:00 Moon Well
16:08 Ancient of Wonders
16:44 Moon Well
18:00 Moon Well
29:24 Moon Well
29:24 Moon Well
30:33 Tree of Life
» items
Scroll of Town Portal1
1 total
UndeadSuBZerO3443 (purple | 26 APM | 950 actions | 36:42)
Hero icon 8 Crypt Lord
Ability icon 2 Impale
Ability icon 2 Carrion Beetles
Ability icon 3 Spiked Carapace
Ability icon 1 Locust Swarm
Hero icon 4 Keeper of the Grove
Ability icon 2 Entangling Roots
Ability icon 2 Tranquility

» actions
Assign group hotkey6
Basic commands1
Build / train86
Enter build submenu18
Enter hero's abilities submenu12
Right click363
Select / deselect327
Select group hotkey23
Use ability114
950 total
» units
Acolyte5
Ghoul4
Crypt Fiend21
Necromancer23
53 total
» upgrades
Creature Attack3
Creature Carapace3
Skeletal Mastery1
Skeletal Longevity1
Necromancer Training2
Web1
Unholy Strength2
Unholy Armor2
15 total
» buildings
Graveyard1
Crypt1
Ziggurat7
Altar of Darkness1
Tomb of Relics1
Halls of the Dead1
Black Citadel1
Temple of the Damned1
Spirit Tower2
16 total
» build order
00:18 Graveyard
00:31 Crypt
01:06 Ziggurat
01:09 Altar of Darkness
01:31 Ziggurat
01:42 Tomb of Relics
03:49 Halls of the Dead
06:58 Black Citadel
07:00 Ziggurat
07:03 Ziggurat
07:21 Temple of the Damned
09:34 Ziggurat
09:36 Ziggurat
09:37 Ziggurat
18:41 Spirit Tower
25:19 Spirit Tower
» items
Scroll of Town Portal1
1 total
Random» NightElf07forresterxt (red | 38 APM | 1407 actions | 36:42)
Hero icon 7 Demon Hunter
Ability icon 2 Immolation
Ability icon 3 Evasion
Ability icon 1 Mana Burn
Ability icon 1 Metamorphosis
Hero icon 1 Pit Lord
Ability icon 1 Rain of Fire

» actions
Assign group hotkey42
Basic commands24
Build / train85
Enter build submenu21
Enter hero's abilities submenu8
Give item / drop item5
Right click654
Select / deselect373
Select group hotkey117
Use ability78
1407 total
» units
Wisp17
Archer9
Huntress8
Glaive Thrower7
Dryad4
Mountain Giant5
50 total
» upgrades
Strength of the Moon1
Moon Armor2
Abolish Magic1
Vorpal Blades1
Nature's Blessing1
Ultravision1
Hardened Skin1
8 total
» buildings
Moon Well4
Altar of Elders1
Ancient of War1
Ancient of Wonders2
Hunter's Hall1
Ancient Protector5
Tree of Ages2
Ancient of Lore2
Tree of Eternity1
Tree of Life2
21 total
» build order
00:14 Moon Well
00:31 Altar of Elders
00:50 Ancient of War
01:23 Ancient of Wonders
01:49 Moon Well
03:23 Hunter's Hall
04:12 Moon Well
04:37 Ancient Protector
04:42 Ancient Protector
06:26 Tree of Ages
06:30 Ancient Protector
10:03 Ancient of Lore
10:04 Ancient of Lore
11:01 Ancient Protector
13:42 Moon Well
20:34 Tree of Eternity
24:47 Ancient Protector
25:18 Tree of Life
30:47 Ancient of Wonders
32:14 Tree of Ages
32:59 Tree of Life
» items
Dust of Appearance2
Lesser Clarity Potion3
Potion of Healing4
Scroll of Town Portal3
Moonstone1
Potion of Mana1
14 total

Chat log

(00:41 / All) SuBZerO3443: wtf
(01:02 / Allies) TheMonkWithFunk: we need to rush

(04:39 / Allies) FatManInLilCoat: NICE
(04:41 / Allies) Matices: lol
(04:45 / Allies) FatManInLilCoat: of c
(04:48 / Allies) seerseer69: fuck my bad
(04:54 / Allies) seerseer69: didnt know i hit the que
(05:04 / Allies) Matices: he was masturbating
(05:07 / Allies) seerseer69: ^^
(05:33 / Allies) TheMonkWithFunk: tptptpt
(05:36 / Allies) TheMonkWithFunk: HELP
(05:37 / Allies) seerseer69: all tp

(06:54 / Allies) TheMonkWithFunk: gold for peasants plz
(07:23 / Allies) FatManInLilCoat: Is should have bought tp
(07:26 / Allies) FatManInLilCoat: not the health pot

(10:39 / Allies) FatManInLilCoat: buying tp sec
(10:41 / Allies) FatManInLilCoat: god defend?
(11:17 / Allies) FatManInLilCoat: call to arm

(19:50 / Allies) Matices: ty
(20:18 / Allies) FatManInLilCoat: out
(20:22 / Allies) FatManInLilCoat: out

(21:32 / Allies) FatManInLilCoat: tp all
(22:00 / Allies) FatManInLilCoat: wtf is wrong with you lot
(22:05 / Allies) FatManInLilCoat: wtf green
(22:14 / Allies) FatManInLilCoat: you walked like a retard
(22:21 / Allies) FatManInLilCoat: now you 1v4 like a retard
(22:37 / Allies) FatManInLilCoat: now he leaves like a retard
(22:39 / Allies) Matices: omg
(23:00 / Allies) Matices: going
(23:21 / Allies) FatManInLilCoat: I get green again I tk him

(24:31 / Allies) FatManInLilCoat: next base
(24:37 / Allies) FatManInLilCoat: you got tp?
(24:38 / Allies) FatManInLilCoat: tp at my base
(24:43 / Allies) Matices: ok
(25:05 / Allies) FatManInLilCoat: got lumber>
(25:18 / Allies) Matices: yes
(25:20 / Allies) Matices: need?
(25:26 / Allies) FatManInLilCoat: yes

(28:31 / Allies) FatManInLilCoat: massing hippo
(29:10 / Allies) FatManInLilCoat: get a shade and scout expos
(29:17 / Allies) Matices: ok

(30:20 / Allies) FatManInLilCoat: use
(30:25 / Allies) Matices: yes yes
(30:33 / Allies) FatManInLilCoat: attack
(30:38 / Allies) Matices: they killed the acolits

(31:48 / Allies) FatManInLilCoat: just take out the ne
(32:15 / Allies) FatManInLilCoat: purple base is dead

(33:36 / Allies) FatManInLilCoat: got tp for your base?
(33:40 / Allies) Matices: yes
(33:44 / Allies) Matices: go to yours?
(33:49 / Allies) FatManInLilCoat: no
(33:51 / Allies) FatManInLilCoat: we defend yours
(34:00 / Allies) FatManInLilCoat: scout red base with shade
(34:02 / Allies) FatManInLilCoat: and put it on patrol

(35:53 / Allies) Matices: gg
(36:26 / All) FatManInLilCoat: Retarded blue and green fucked us
(36:32 / Allies) Matices: yes
(36:35 / All) FatManInLilCoat: fuycking green was afk like 5 minutes and hten only started building
(36:35 / Allies) Matices: we had chances
(36:37 / All) FatManInLilCoat: when I tried to expo
(36:39 / All) TwoRollies1Misn: still was a gg
(36:40 / All) FatManInLilCoat: gg